 Dungeon Crawl Stone Soup version 0.13-a0-3016-gcb2faac (webtiles) character file.

364 4tharraofdagon the Digger (level 5, 7/45 HPs)
             Began as a Troll Earth Elementalist on Sept 12, 2013.
             Quit the game on Level 7 of the Dungeon.
             The game lasted 00:05:12 (1055 turns).

4tharraofdagon the Digger (TrEE)                    Turns: 1055, Time: 00:05:12

HP   7/45        AC  7     Str 16      XL: 5   Next: 51%
MP   0/6         EV  9     Int 12      God:
Gold 161         SH  0     Dex 10      Spells:  2 memorised,  4 levels left

Res.Fire  : . . .   See Invis. : .   b - 51 stones
Res.Cold  : + . .   Warding    : .   n - +2 robe {rC+}
Life Prot.: . . .   Conserve   : .   (shield restricted)
Res.Poison: .       Res.Corr.  : .   (helmet restricted)
Res.Elec. : .       Clarity    : .   (no cloak)
Sust.Abil.: . .     Spirit.Shd : .   (gloves unavailable)
Res.Mut.  : .       Stasis     : .   (boots unavailable)
Res.Rott. : .       Flight     : .   (no amulet)
Gourmand  : +                        (no ring)
                                     (no ring)

@: mildly poisoned, very slightly contaminated, drained, slightly resistant to
hostile enchantments, unstealthy
A: unfitting armour, claws 3, fast metabolism 3, gourmand, regeneration 2,
saprovore 2, tough skin 2, AC +1
a: no special abilities


You were on level 7 of the Dungeon.
You were not hungry.

You visited 1 branch of the dungeon, and saw 7 of its levels.

You collected 141 gold pieces.

Inventory:

Hand weapons
 o - a +0 blowgun
Missiles
 b - 51 stones (in claw)
 p - 7 poisoned needles
Armour
 c - a +0 robe
 n - a +2 robe of cold resistance (worn)
Magical devices
 s - a wand of flame (8) {unknown}
Comestibles
 a - 2 meat rations
 h - a bread ration
 k - a sausage
Scrolls
 f - a scroll of fog {unknown}
 g - 2 scrolls of curse armour {unknown}
 i - a scroll of noise {unknown}
 j - a scroll of identify {unknown}
 l - 2 scrolls of magic mapping {unknown}
 m - 3 scrolls of remove curse {unknown}
 q - a scroll of curse weapon {unknown}
 r - a scroll of random uselessness
Books
 d - a book of Geomancy

   Spells                             Type                      Level
   *Sandblast                         Earth                        1
   *Stoneskin                         Transmutation/Earth          2
   Passwall                           Transmutation/Earth          3
   Stone Arrow                        Conjuration/Earth            3
   Petrify                            Transmutation/Earth          4
   Lee's Rapid Deconstruction         Earth                        5


   Skills:
 + Level 1.4(1.2) Fighting
 - Level 1.5(1.3) Dodging
 - Level 1.1(0.9) Stealth
 * Level 3.1(2.9) Unarmed Combat
 + Level 1.6(1.4) Spellcasting
 - Level 0.6(0.4) Transmutations
 + Level 3.7(3.5) Earth Magic


You had 4 spell levels left.
You knew the following spells:

 Your Spells              Type           Power        Failure   Level  Hunger
a - Sandblast             Erth           #.....       10%         1    ##.....
b - Stoneskin             Trmt/Erth      #.........   21%         2    ###....


Dungeon Overview and Level Annotations

Branches:
Dungeon (7/27)
 Temple: D:4-7          Orc: D:6-11

Altars:
Fedhas


Innate Abilities, Weirdness & Mutations

You are too large for most types of armour.
You have claws for hands.
Your metabolism is lightning-fast.
You like to eat raw meat.
You heal very quickly.
You can eat rotten meat.
You are covered in fur (AC +1).
You have very tough skin (AC +2).


Message History

The rocky blast hits the scorpion.
The scorpion is lightly wounded.
The centaur hits you. The scorpion stings you.
* * * LOW HITPOINT WARNING * * *
You are poisoned.
The scorpion poisons you!
Casting: Sandblast
Confirm with . or Enter, or press ? or * to list all spells.
Aiming: Sandblast
Press: ? - help, Shift-Dir - straight line, f/p - scorpion
Aim: a scorpion (lightly wounded)
You miscast Sandblast.
You are very lightly contaminated with residual magic.
You feel a surge of energy from the ground.
* * * LOW HITPOINT WARNING * * *
You feel sick. The centaur barely misses you. The centaur hits you.
* * * LOW HITPOINT WARNING * * *
The scorpion barely misses you.
Unknown command.
Are you sure you want to abandon this character and quit the game? (Confirm with "yes".)

#..## # ####'###### ...
#.........# ....
#....>....# .....
##.........#
.......#...(......########
.....s..((.(......'.....>.
........#sc.......########
...c..##@........# ......
########### ..... ####


You could see a centaur and a scorpion.

Vanquished Creatures
  A centaur (D:6)
  A crimson imp (D:7)
  2 hounds
  An adder (D:2)
  A ball python (D:4)
  A hobgoblin (D:3)
  A quokka (D:2)
  A bat (D:6)
  2 giant cockroaches (D:2)
  3 giant newts
  4 goblins (D:2)
  3 jackals (D:2)
  6 kobolds
  A rat (D:2)
  A rat zombie (D:6)
29 creatures vanquished.

Notes
Turn   | Place    | Note
--------------------------------------------------------------
     0 | D:1      | 4tharraofdagon, the Troll Earth Elementalist, began the quest for the Orb.
     0 | D:1      | Reached XP level 1. HP: 16/16 MP: 3/3
   197 | D:2      | Reached XP level 2. HP: 24/24 MP: 3/3
   264 | D:2      | Reached skill level 1 in Unarmed Combat
   264 | D:2      | Reached skill level 3 in Earth Magic
   422 | D:4      | Reached XP level 3. HP: 31/31 MP: 4/4
   464 | D:5      | Entered Level 5 of the Dungeon
   500 | D:5      | Noticed an ice beast
   529 | D:4      | Found a blossoming altar of Fedhas.
   529 | D:4      | Noticed a centaur
   529 | D:4      | Noticed a water moccasin
   537 | D:4      | Noticed a phantom
   716 | D:6      | Learned a level 2 spell: Stoneskin
   721 | D:6      | Noticed a centaur
   728 | D:6      | Killed a centaur
   728 | D:6      | Reached skill level 1 in Fighting
   728 | D:6      | Reached XP level 4. HP: 16/39 MP: 4/5
   858 | D:7      | Reached XP level 5. HP: 36/45 MP: 5/5
  1040 | D:7      | Noticed a centaur
  1055 | D:7      | Quit the game

Action                   |  1- 3 |  4- 6 || total
-------------------------+-------+-------++-------
Melee: Unarmed           |    58 |    36 ||    94
 Cast: Sandblast         |       |     5 ||     5
  Use: Potion            |     2 |     1 ||     3
       Scroll            |     1 |     1 ||     2
 Stab: Sleeping          |     1 |       ||     1
